 Dungeon Crawl Stone Soup version 0.24.0-37-gcf1ca852f1 (webtiles) character file.

Game seed: 3744711375920414168, levelgen mode: deterministic

193 grindst0ne the Cutter (level 6, -2/39 HPs)
             Began as a Kobold Berserker on Nov 21, 2019.
             Was a Believer of Trog.
             Slain by Terence
             ... wielding a +2 trident of venom
              (3 damage)
             ... while paralysed by Grinder
             ... on level 3 of the Dungeon.
             The game lasted 00:03:23 (2228 turns).

grindst0ne the Cutter (Kobold Berserker)            Turns: 2228, Time: 00:03:24

Health: -2/39      AC:  6    Str: 17    XL:     6   Next: 2%
Magic:  6/6        EV:  3    Int:  8    God:    Trog [**....]
Gold:   89         SH:  0    Dex: 14    Spells: 5/5 levels left

rFire    . . .     SeeInvis .   n - +1 short sword (drain)
rCold    . . .     Gourm    .   (shield restricted)
rNeg     . . .     Faith    .   g - +0 scale mail
rPois    .         Spirit   .   (no helmet)
rElec    .         Reflect  .   (no cloak)
rCorr    .         Harm     .   (no gloves)
MR       .....                  (no boots)
Stlth    ..........             (no amulet)
HPRegen  0.13/turn              (no ring)
MPRegen  0.10/turn              (no ring)

@: paralysed, lethally poisoned (-2 -> -18), berserk cooldown, flying, slowed
A: small, carnivore
a: Berserk, Trog's Hand, Renounce Religion


You were on level 3 of the Dungeon.
You worshipped Trog.
Trog was pleased with you.
You were near starving.

You visited 1 branch of the dungeon, and saw 3 of its levels.

You collected 89 gold pieces.

Inventory:

Hand Weapons
 a - a +0 short sword
 j - a +0 whip of flaming
 n - a +1 short sword of draining (weapon)
Armour
 b - a +0 animal skin
 g - a +0 scale mail (worn)
Scrolls
 e - a scroll of enchant armour {unknown}
 h - 2 scrolls of magic mapping {unknown}
 k - a scroll of teleportation {unknown}
 l - a scroll of amnesia {unknown}
 o - 2 scrolls of identify {unknown}
 p - a scroll of random uselessness {unknown}
Potions
 f - a potion of resistance {unknown}
 i - a potion of haste {unknown}
 m - a potion of might {unknown}
Comestibles
 c - 5 rations


   Skills:
 + Level 4.7 Fighting
 + Level 5.7 Short Blades
 - Level 1.5 Armour
 + Level 4.4 Dodging


You had 5 spell levels left.
You didn't know any spells.
Your spell library was empty.

Dungeon Overview and Level Annotations

Branches:
Dungeon (3/15)

Altars:
Elyvilon
Gozag
Vehumet
Zin

Annotations:
D:3 Grinder, Terence


Innate Abilities, Weirdness & Mutations

You are small and have problems with some larger weapons.
You are carnivorous and can eat meat at any time.


Message History

You feel sick.
You feel sick.
It was a potion of flight.
You feel very buoyant.
You fly up into the air.
You feel sick. Terence barely misses you.
Terence says, "You're history."
Terence hits you from afar with a +2 trident of venom.
* * * LOW HITPOINT WARNING * * *
You are lethally poisoned!
Grinder gestures at you.
You suddenly lose the ability to move!
* * * LOW HITPOINT WARNING * * *
You feel sick.
Terence hits you from afar with a +2 trident of venom.
* * * LOW HITPOINT WARNING * * *
You are more poisoned.
* * * LOW HITPOINT WARNING * * *
You feel sick.
Terence hits you from afar with a +2 trident of venom.
You die...

##.............).#######.
...(...>.........# .##
....#†###.###..#.#####.....
#####†# #.# #.#....$.......
## #.# ... #....#####.....
.# #.##..%##.#..# ... ##
#.##...##.#.@# . #
#...........5# . ...
.....##@# ## #..
.....#.#....# # #.## ..##
## ###.# # .


You could see Grinder and Terence.

Vanquished Creatures
  8 gnolls
  4 adders (D:2)
  An ooze (D:1)
  2 worms (D:2)
  2 dart slugs
  2 leopard geckos
  7 bats
  2 giant cockroaches
  6 goblins
  8 hobgoblins
  6 jackals
  8 kobolds
  A ball python (D:2)
  4 frilled lizards
  8 rats
69 creatures vanquished.

Notes
Turn   | Place    | Note
-------+----------+-------------------------------------------
     0 | D:1      | grindst0ne the Kobold Berserker began the quest for the
                  | Orb.
     0 | D:1      | Reached XP level 1. HP: 14/14 MP: 1/1
    32 | D:1      | Reached XP level 2. HP: 12/19 MP: 2/2
   488 | D:1      | Reached XP level 3. HP: 21/24 MP: 3/3
   578 | D:1      | Reached ** piety under Trog
  1095 | D:1      | Reached XP level 4. HP: 6/29 MP: 4/4
  1402 | D:2      | Reached skill level 5 in Short Blades
  1477 | D:2      | Found a radiant altar of Vehumet.
  1484 | D:2      | Found a white marble altar of Elyvilon.
  1548 | D:2      | Found a glowing silver altar of Zin.
  1568 | D:2      | Found an opulent altar of Gozag.
  1573 | D:2      | Reached XP level 5. HP: 32/33 MP: 5/5
  2197 | D:3      | Noticed Grinder
  2206 | D:3      | Reached XP level 6. HP: 35/39 MP: 6/6
  2217 | D:3      | Noticed Terence
  2226 | D:3      | Paralysed by Grinder for 7 turns
  2228 | D:3      | HP: 1/39 [poisoned by Terence]
  2228 | D:3      | Slain by Terence

Levels and vault maps discovered:
D:1:      dpeg_arrival_tiny_f, layout_loops_ring
D:2:      layout_rooms, nicolae_gozag_seed_capital,
          nicolae_overflow_crystal_walls, grunt_temple_overflow_open,
          first_ration, minmay_close_crescents
D:3:      layout_loops_ring, gup_sewer_entry_glass, uniq_grinder, uniq_terence,
          uniq_ijyb

Skill      XL: |  1  2  3  4  5 |
---------------+----------------+-----
Dodging        | 3 4 |  4.4
Fighting       | 4 |  4.7
Short Blades   | 5 |  5.7
Armour         | |  1.5

Action                   |  1- 3 |  4- 6 || total
-------------------------+-------+-------++-------
Melee: Short sword       |   132 |   131 ||   263
Invok: Berserk           |     3 |     3 ||     6
       Trog's Hand       |       |     1 ||     1
  Use: Potion            |       |     1 ||     1
 Stab: Sleeping          |     1 |       ||     1
  Eat: Chunk             |     3 |     3 ||     6
       Ration            |       |     1 ||     1
Armor: Animal skin       |     6 |       ||     6
       Scale mail        |    22 |    35 ||    57
Dodge: Dodged            |    99 |    97 ||   196
